DRAKE
SAN ANGELO MISSIONS @ KINGSTON LEGENDS
06/12/2059
 
TOP OF THE 1ST
San Angelo Missions batting - Pitching for Kingston Legends : RHP Francisco Cortéz
Pitching: RHP Francisco Cortéz
Batting: RHB Edgard Gómez 0-0: Called Strike
0-1: Ball
1-1: Swinging Strike
1-2: Ground out 6-3 (Groundball, 6M, EV 90.6 MPH)
Batting: RHB Hilarius Tagwerker 0-0: Ball
1-0: SINGLE (Groundball, 6D, EV 98.8 MPH)
Batting: LHB Kosami Ota 0-0: Fly out, F7 (Flyball, 7D, EV 98.8 MPH)
Batting: RHB Cornell Schumacher 0-0: Foul Ball, location: 9LSF
0-1: Ball
1-1: Ground out U3 (Groundball, 3S, EV 90.0 MPH)
Top of the 1st over - 0 runs, 1 hit, 0 errors, 1 left on base; San Angelo 0 - Kingston 0
BOTTOM OF THE 1ST
Kingston Legends batting - Pitching for San Angelo Missions : LHP José Hernández
Pitching: LHP José Hernández
Batting: RHB Bharti Senagala 0-0: Swinging Strike
0-1: Ball
1-1: Called Strike
1-2: Foul Ball, location: 2F
1-2: Ground out 6-3 (Groundball, 6, EV 85.6 MPH)
Batting: RHB Tomás Núñez 0-0: Ground out 6-3 (Groundball, 6, EV 103.8 MPH)
Batting: RHB Juan Mendoza 0-0: Ball
1-0: Foul Ball, location: 3DF
1-1: Foul Ball, location: 25F
1-2: Ground out 6-3 (Groundball, P, EV 86.9 MPH)
Bottom of the 1st over - 0 runs, 0 hits, 0 errors, 0 left on base; San Angelo 0 - Kingston 0
TOP OF THE 2ND
San Angelo Missions batting - Pitching for Kingston Legends : RHP Francisco Cortéz
Batting: RHB Ron Phillips 0-0: Called Strike
0-1: Called Strike
0-2: Ball
1-2: Ball
2-2: Foul Ball, location: 9LDF
2-2: Ball
3-2: Ground out 5-3 (Groundball, 5S, EV 65.0 MPH)
Batting: RHB Jesús Martínez 0-0: Ball
1-0: SINGLE (Groundball, 34D, EV 101.9 MPH)
Batting: RHB Juan Díaz 0-0: Foul Ball, location: 2F
0-1: Foul Ball, location: 2F
0-2: DOUBLE (Line Drive, 7LM, EV 103.1 MPH)
Jesús Martínez to third
Batting: RHB Sancho Lerma 0-0: Fly out, F8 (Flyball, 8LM, EV 96.3 MPH)
Batting: RHB Sabeeh bin Usama 0-0: Ball
1-0: Foul Ball, location: 2F
1-1: Called Strike
1-2: Strikes out swinging
Top of the 2nd over - 0 runs, 2 hits, 0 errors, 2 left on base; San Angelo 0 - Kingston 0
BOTTOM OF THE 2ND
Kingston Legends batting - Pitching for San Angelo Missions : LHP José Hernández
Batting: SHB Adam Rumbold 0-0: Ball
1-0: Ball
2-0: Ball
3-0: Base on Balls
Batting: LHB Altair Andriopoulos 0-0: Ball
1-0: Grounds into double play, 3-6-3 (Groundball, 34S, EV 81.9 MPH)
Batting: RHB Adrian Beaubien 0-0: Swinging Strike
0-1: Fly out, F5 (Popup, 25F, EV 85.6 MPH)
Bottom of the 2nd over - 0 runs, 0 hits, 0 errors, 0 left on base; San Angelo 0 - Kingston 0
TOP OF THE 3RD
San Angelo Missions batting - Pitching for Kingston Legends : RHP Francisco Cortéz
Batting: RHB Edgard Gómez 0-0: Ball
1-0: Foul Ball, location: 5F
1-1: Ball
2-1: Foul Ball, location: 9LSF
2-2: Ball
3-2: Foul Ball, location: 9LMF
3-2: Strikes out swinging
Batting: RHB Hilarius Tagwerker 0-0: DOUBLE (Line Drive, 78D, EV 106.3 MPH)
Batting: LHB Kosami Ota 0-0: Called Strike
0-1: Ball
1-1: Foul Ball, location: 5F
1-2: Foul Ball, location: 2F
1-2: Ground out 6-3 (Groundball, 6M, EV 82.5 MPH)
Hilarius Tagwerker to third
Batting: RHB Cornell Schumacher 0-0: Ball
1-0: Called Strike
1-1: Ball
Wild Pitch!
Hilarius Tagwerker scores
2-1: Foul Ball, location: 2F
2-2: Ball
3-2: SINGLE (Line Drive, 34D, EV 93.8 MPH)
Batting: RHB Ron Phillips 0-0: Ball
1-0: Ball
2-0: Foul Ball, location: 25F
2-1: Ball
3-1: SINGLE (Line Drive, 89S, EV 96.9 MPH)
Cornell Schumacher to second
Batting: RHB Jesús Martínez 0-0: Ball
1-0: Ball
2-0: Called Strike
2-1: Called Strike
2-2: Ball
3-2: Fly out, F8 (Line Drive, 78M, EV 94.4 MPH)
Top of the 3rd over - 1 run, 3 hits, 0 errors, 2 left on base; San Angelo 1 - Kingston 0
BOTTOM OF THE 3RD
Kingston Legends batting - Pitching for San Angelo Missions : LHP José Hernández
Batting: SHB Júlio Rúbio 0-0: Called Strike
0-1: Ball
1-1: Ball
2-1: Ball
3-1: Base on Balls
Batting: RHB Kazutoshi Uemura 0-0: Ball
1-0: Bunted foul
1-1: Bunt - Flyout to 5S! F5
Batting: RHB Ofa Tabua 0-0: SINGLE (Line Drive, 5D, EV 104.4 MPH)
Júlio Rúbio to second
Júlio Rúbio to third
Batting: RHB Bharti Senagala 0-0: Called Strike
0-1: Swinging Strike
0-2: Ball
1-2: Ball
2-2: Strikes out swinging
Batting: RHB Tomás Núñez 0-0: TRIPLE (Line Drive, 89XD, EV 103.1 MPH)
Júlio Rúbio scores
Ofa Tabua scores
Batting: RHB Juan Mendoza 0-0: Ball
1-0: Ball
2-0: Ball
3-0: Base on Balls
Batting: SHB Adam Rumbold 0-0: Ball
1-0: Ball
2-0: Called Strike
2-1: Foul Ball, location: 3DF
2-2: Ball
3-2: Strikes out swinging
Bottom of the 3rd over - 2 runs, 2 hits, 0 errors, 2 left on base; San Angelo 1 - Kingston 2
TOP OF THE 4TH
San Angelo Missions batting - Pitching for Kingston Legends : RHP Francisco Cortéz
Batting: RHB Juan Díaz 0-0: Ball
1-0: Swinging Strike
1-1: Swinging Strike
1-2: Ball
2-2: Fly out, F6 (Line Drive, 6, EV 72.5 MPH)
Batting: RHB Sancho Lerma 0-0: Ball
1-0: Ball
2-0: Foul Ball, location: 2F
2-1: Called Strike
2-2: Ball
3-2: DOUBLE (Flyball, 78D, EV 88.1 MPH)
Batting: RHB Sabeeh bin Usama 0-0: SINGLE (Groundball, 6, EV 80.0 MPH)
Sancho Lerma to third
Batting: RHB Edgard Gómez 0-0: Ball
1-0: Ball
2-0: Ball
3-0: Base on Balls
Sabeeh bin Usama to second
Batting: RHB Hilarius Tagwerker 0-0: SINGLE (Flyball, 8LS, EV 86.3 MPH)
Sancho Lerma scores
Sabeeh bin Usama to third
Edgard Gómez to second
Batting: LHB Kosami Ota 0-0: Called Strike
0-1: Ball
1-1: SINGLE (Groundball, 6MD, EV 103.1 MPH)
Sabeeh bin Usama scores
Edgard Gómez to third
Hilarius Tagwerker to second
Runner from 3rd tries for Home, SAFE, throw by CF to home
Hilarius Tagwerker to third
Kosami Ota to second
Batting: RHB Cornell Schumacher 0-0: Ball
1-0: Called Strike
1-1: Ball
2-1: Swinging Strike
2-2: Strikes out looking
Batting: RHB Ron Phillips 0-0: Ground out 1-3 (Groundball, 15, EV 71.3 MPH)
Top of the 4th over - 3 runs, 4 hits, 0 errors, 2 left on base; San Angelo 4 - Kingston 2
BOTTOM OF THE 4TH
Kingston Legends batting - Pitching for San Angelo Missions : LHP José Hernández
Batting: LHB Altair Andriopoulos 0-0: Ball
1-0: Called Strike
1-1: Ball
2-1: Swinging Strike
2-2: Foul Ball, location: 2F
2-2: Foul Ball, location: 2F
2-2: Foul Ball, location: 2LF
2-2: Strikes out swinging
Batting: RHB Adrian Beaubien 0-0: Called Strike
0-1: Swinging Strike
0-2: Strikes out swinging
Batting: SHB Júlio Rúbio 0-0: Ball
1-0: Foul Ball, location: 2F
1-1: Foul Ball, location: 2F
1-2: Ball
2-2: Foul Ball, location: 25FF
2-2: Ground out 4-3 (Groundball, 4, EV 88.1 MPH)
Bottom of the 4th over - 0 runs, 0 hits, 0 errors, 0 left on base; San Angelo 4 - Kingston 2
TOP OF THE 5TH
San Angelo Missions batting - Pitching for Kingston Legends : RHP Francisco Cortéz
Batting: RHB Jesús Martínez 0-0: DOUBLE (Line Drive, 3D, EV 103.1 MPH)
Batting: RHB Juan Díaz 0-0: Swinging Strike
0-1: Ball
1-1: Foul Ball, location: 9LDF
1-2: Foul Ball, location: 2F
1-2: Strikes out swinging
Batting: RHB Sancho Lerma 0-0: Foul Ball, location: 23F
0-1: Ball
1-1: Ball
2-1: Ball
Wild Pitch!
Jesús Martínez to third
3-1: Fly out, F8 (Flyball, 89M, EV 97.5 MPH)
Pitching: RHP Sa'id bin Mu'adh
Batting: RHB Sabeeh bin Usama 0-0: Ball
1-0: Swinging Strike
1-1: Called Strike
1-2: Ball
2-2: Strikes out swinging
Top of the 5th over - 0 runs, 1 hit, 0 errors, 1 left on base; San Angelo 4 - Kingston 2
BOTTOM OF THE 5TH
Kingston Legends batting - Pitching for San Angelo Missions : LHP José Hernández
Batting: RHB Kazutoshi Uemura 0-0: Ground out 6-3 (Groundball, 6, EV 85.0 MPH)
Batting: RHB Ofa Tabua 0-0: Ball
1-0: Ground out 5-3 (Groundball, 56, EV 93.1 MPH)
Batting: RHB Bharti Senagala 0-0: Ball
1-0: Called Strike
1-1: Fly out, F9 (Flyball, 9, EV 93.1 MPH)
Bottom of the 5th over - 0 runs, 0 hits, 0 errors, 0 left on base; San Angelo 4 - Kingston 2
TOP OF THE 6TH
San Angelo Missions batting - Pitching for Kingston Legends : RHP Sa'id bin Mu'adh
Batting: RHB Edgard Gómez 0-0: Ball
1-0: Called Strike
1-1: Called Strike
1-2: Fly out, F8 (Flyball, 89M, EV 89.4 MPH)
Batting: RHB Hilarius Tagwerker 0-0: Ball
1-0: Ball
2-0: SOLO HOME RUN (Flyball, 7D, EV 98.8 MPH), Distance : 393 ft
Batting: LHB Kosami Ota 0-0: Ground out U3 (Groundball, 3, EV 107.5 MPH)
Batting: RHB Cornell Schumacher 0-0: Fly out, F3 (Popup, 3F, EV 78.8 MPH)
Top of the 6th over - 1 run, 1 hit, 0 errors, 0 left on base; San Angelo 5 - Kingston 2
BOTTOM OF THE 6TH
Kingston Legends batting - Pitching for San Angelo Missions : LHP José Hernández
Batting: RHB Tomás Núñez 0-0: Ball
1-0: Ball
2-0: Swinging Strike
2-1: Fly out, F9 (Flyball, 89D, EV 96.9 MPH)
Batting: RHB Juan Mendoza 0-0: Called Strike
0-1: Ball
1-1: Ground out 6-3 (Groundball, P, EV 84.4 MPH)
Batting: SHB Adam Rumbold 0-0: Ball
1-0: Fly out, F4 (Popup, 4D, EV 73.8 MPH)
Bottom of the 6th over - 0 runs, 0 hits, 0 errors, 0 left on base; San Angelo 5 - Kingston 2
TOP OF THE 7TH
San Angelo Missions batting - Pitching for Kingston Legends : RHP Sa'id bin Mu'adh
Batting: RHB Ron Phillips 0-0: Foul Ball, location: 7LMF
0-1: Ground out 5-3 (Groundball, 56S, EV 90.6 MPH)
Batting: RHB Jesús Martínez 0-0: Ball
1-0: Fly out, F7 (Flyball, 78S, EV 86.3 MPH)
Batting: RHB Juan Díaz 0-0: Called Strike
0-1: Ball
1-1: Foul Ball, location: 2LF
1-2: Ball
2-2: Ground out 6-3 (Groundball, 6, EV 97.5 MPH)
Top of the 7th over - 0 runs, 0 hits, 0 errors, 0 left on base; San Angelo 5 - Kingston 2
BOTTOM OF THE 7TH
Kingston Legends batting - Pitching for San Angelo Missions : LHP José Hernández
Batting: LHB Altair Andriopoulos 0-0: Ball
1-0: Ball
2-0: Ball
3-0: Base on Balls
Batting: RHB Adrian Beaubien 0-0: Called Strike
0-1: Ball
1-1: Ball
2-1: Foul Ball, location: 2F
2-2: Fly out, F8 (Line Drive, 89D, EV 93.8 MPH)
Batting: SHB Júlio Rúbio Pickoff Throw to First - Out! 1-3
0-0: Ball
1-0: Ball
2-0: Called Strike
2-1: Swinging Strike
2-2: Ball
3-2: Base on Balls
Batting: RHB Kazutoshi Uemura 0-0: Ball
1-0: Ball
2-0: Ball
3-0: Called Strike
3-1: Foul Ball, location: 2F
3-2: Base on Balls
Júlio Rúbio to second
Pinch Hitting: RHB Alex Bolling 0-0: Fly out, F2 (Popup, 23F, EV 68.8 MPH)
Bottom of the 7th over - 0 runs, 0 hits, 0 errors, 2 left on base; San Angelo 5 - Kingston 2
TOP OF THE 8TH
San Angelo Missions batting - Pitching for Kingston Legends : RHP Sa'id bin Mu'adh
Now at 1B: Mauro Ríos
Batting: RHB Sancho Lerma 0-0: Called Strike
0-1: Ball
1-1: Foul Ball, location: 9LMF
1-2: Strikes out swinging
Batting: RHB Orrin Maki 0-0: Called Strike
0-1: Ground out 4-3 (Groundball, 4, EV 105.6 MPH)
Batting: RHB Edgard Gómez 0-0: Ball
1-0: TRIPLE (Groundball, 3L, EV 105.0 MPH)
Batting: RHB Hilarius Tagwerker 0-0: Ball
1-0: Called Strike
1-1: Ball
2-1: Ball
3-1: Swinging Strike
3-2: Strikes out swinging
Top of the 8th over - 0 runs, 1 hit, 0 errors, 1 left on base; San Angelo 5 - Kingston 2
BOTTOM OF THE 8TH
Kingston Legends batting - Pitching for San Angelo Missions : LHP José Hernández
Batting: RHB Bharti Senagala 0-0: Foul Ball, location: 2F
0-1: Foul Ball, location: 2F
0-2: SINGLE (Groundball, 6MD, EV 94.4 MPH)
Batting: RHB Tomás Núñez 0-0: Foul Ball, location: 7LSF
0-1: Swinging Strike
Bharti Senagala is caught stealing 2nd base 2-4
0-2: Foul Ball, location: 5SF
0-2: SINGLE (Groundball, 6, EV 91.3 MPH)
Batting: RHB Juan Mendoza 0-0: Ball
1-0: Ball
2-0: Called Strike
2-1: Foul Ball, location: 9LSF
2-2: Ball
3-2: Strikes out swinging
Batting: SHB Adam Rumbold 0-0: Ball
1-0: Foul Ball, location: 3FF
1-1: Fly out, F9 (Flyball, 9, EV 95.6 MPH)
Bottom of the 8th over - 0 runs, 2 hits, 0 errors, 1 left on base; San Angelo 5 - Kingston 2
TOP OF THE 9TH
San Angelo Missions batting - Pitching for Kingston Legends : RHP Sa'id bin Mu'adh
Batting: LHB Kosami Ota 0-0: Foul Ball, location: 2F
0-1: Ball
1-1: Ground out U3 (Groundball, 3, EV 90.0 MPH)
Batting: RHB Cornell Schumacher 0-0: Ball
1-0: Called Strike
1-1: Ball
2-1: Foul Ball, location: 2F
2-2: Ball
3-2: Fly out, F3 (Popup, 3SF, EV 65.0 MPH)
Batting: RHB Ron Phillips 0-0: Ball
1-0: Called Strike
1-1: Foul Ball, location: 9LSF
1-2: Ball
2-2: Ball
3-2: Foul Ball, location: 2F
3-2: Base on Balls
Batting: RHB Jesús Martínez 0-0: Foul Ball, location: 9LSF
0-1: Called Strike
0-2: Ball
1-2: Ball
2-2: Ball
3-2: Strikes out swinging
Top of the 9th over - 0 runs, 0 hits, 0 errors, 1 left on base; San Angelo 5 - Kingston 2
BOTTOM OF THE 9TH
Kingston Legends batting - Pitching for San Angelo Missions : LHP José Hernández
Pitching: LHP Todd Boland
Batting: LHB Altair Andriopoulos 0-0: Called Strike
0-1: Ball
1-1: Called Strike
1-2: SINGLE (Flyball, 6MD, EV 86.3 MPH)
Pinch Hitting: RHB Álex Colón 0-0: Fielders Choice at 2nd, 6-4 (Groundball, 6D, EV 85.0 MPH)
Pinch Hitting: RHB Rhys Yabsley 0-0: Foul Ball, location: 5DF
0-1: Swinging Strike
0-2: Foul Ball, location: 3F
0-2: Strikes out swinging
Pinch Hitting: SHB Geoffrey Davis 0-0: Called Strike
0-1: Ball
1-1: Foul Ball, location: 3SF
1-2: Ball
2-2: Ball
3-2: SINGLE (Line Drive, 8LS, EV 110.0 MPH)
Álex Colón to second
Álex Colón to third
Batting: LHB Mauro Ríos 0-0: Called Strike
0-1: 3-RUN HOME RUN (Flyball, 8LXD, EV 113.8 MPH), Distance : 480 ft
Batting: RHB Bharti Senagala 0-0: Ball
1-0: Foul Ball, location: 9LSF
1-1: Called Strike
1-2: Strikes out swinging
Bottom of the 9th over - 3 runs, 3 hits, 0 errors, 0 left on base; San Angelo 5 - Kingston 5
TOP OF THE 10TH
San Angelo Missions batting - Pitching for Kingston Legends : RHP Sa'id bin Mu'adh
Pitching: RHP Valentín Cedeño
Now at 1B: Claudio Márquez
Now at 2B: Giuseppe Badoglio
Now in LF: Mauro Ríos
Now in CF: Luis Sousa
Pinch Hitting: RHB Gabriel Murillo 0-0: Ball
1-0: Called Strike
1-1: Ball
2-1: Ball
3-1: Fly out, F7 (Flyball, 7LS, EV 79.4 MPH)
Pinch Hitting: RHB Bo bin Ubaydah 0-0: SINGLE (Line Drive, 8LS, EV 108.8 MPH)
Batting: RHB Orrin Maki 0-0: Ball
1-0: Bunted foul
1-1: Ball
2-1: Sac Bunt to 15S - play at first, batter OUT! 1-3
Bo bin Ubaydah to second
Batting: RHB Edgard Gómez 0-0: Called Strike
0-1: Ball
1-1: Foul Ball, location: 2F
1-2: Foul Ball, location: 9LSF
1-2: Foul Ball, location: 9LSFF
1-2: Foul Ball, location: 2F
1-2: Strikes out swinging
Top of the 10th over - 0 runs, 1 hit, 0 errors, 1 left on base; San Angelo 5 - Kingston 5
BOTTOM OF THE 10TH
Kingston Legends batting - Pitching for San Angelo Missions : LHP Todd Boland
Pitching: RHP Jayden Aitcheson
Now at 2B: Gonzalo López
Now at 3B: Gabriel Murillo
Now at SS: Edgard Gómez
Batting: RHB Tomás Núñez 0-0: Ball
1-0: Ball
2-0: Called Strike
2-1: Ball
3-1: Ground out 6-3 (Groundball, P, EV 82.5 MPH)
Batting: RHB Juan Mendoza 0-0: Ball
1-0: Swinging Strike
1-1: Ball
2-1: SOLO HOME RUN (Flyball, 9LD, EV 96.9 MPH), Distance : 341 ft
Bottom of the 10th over - 1 run, 1 hit, 0 errors, 0 left on base; San Angelo 5 - Kingston 6
Sunday, June 2nd , 2024 - OOTP Baseball 25.5 Build 67